 Dungeon Crawl Stone Soup version 0.32-a0-17-gb74e046682 (webtiles) character file.

Game seed: 13349130185674781596

665 Sabo the Cruncher (level 7, 0/56 HPs)
             Began as a Gnoll Wanderer on Jan 15, 2024.
             Was an Initiate of Ashenzari.
             Incinerated by a bombardier beetle (3 damage)
             ... with a burning spray
             ... on level 5 of the Dungeon.
             The game lasted 00:19:09 (3613 turns).

Sabo the Cruncher (Gnoll Wanderer)                  Turns: 3613, Time: 00:19:10

Health: 0/56       AC: 12    Str: 13    XL:     7   Next: 57%
Magic:  10/11      EV:  4    Int:  9    God:    Ashenzari [......]
Gold:   149        SH:  0    Dex: 16    Spells: 11/11 levels left

rFire   . . .        a - +3 quarterstaff
rCold   . . .        (shield currently unavailable)
rNeg    . . .        q - +1 plate armour of the Cryptic Sky {+Inv Str+2, Dev, Comp} (curse)
rPois   .            (no helmet)
rElec   .            (no cloak)
rCorr   .            (no gloves)
SInv    .            (no boots)
Will    .....        (no amulet) Stlth
                     (no ring)
HPRegen 0.29/turn    (no ring)
MPRegen 0.12/turn

%: no passive effects
@: on fire, glowing
A: fangs 1, strong nose, distributed training
a: Renounce Religion, Evoke Invisibility, Shatter the Chains


You were on level 5 of the Dungeon.
You worshipped Ashenzari.
Ashenzari was noncommittal.
You visited 1 branch of the dungeon, and saw 5 of its levels.

You collected 149 gold pieces.

Inventory:

Hand Weapons
 a - a +3 quarterstaff (weapon)
 b - a +0 short sword
 w - a +0 war axe
Missiles
 m - 2 javelins (quivered)
 r - 6 poisoned darts
Armour
 d - a +0 tower shield
 q - the cursed +1 plate armour of the Cryptic Sky (worn) {+Inv Str+2, Dev, Comp}
   (You found it on level 3 of the Dungeon)

   Str+2:     It affects your strength (+2).
   +Inv:      It lets you turn invisible.
   It has a curse which improves the following skills: Devices: Evocations and
   Shapeshifting.
   Companions: Summonings and Necromancy.
Wands
 t - a wand of mindburst (9)
Scrolls
 e - a scroll of fog
 f - 2 scrolls of enchant armour
 j - a scroll of poison {unknown}
 k - a scroll of acquirement {unknown}
 l - 3 scrolls of teleportation
 o - a scroll of summoning {unknown}
 u - a scroll of torment {unknown}
Potions
 g - 3 potions of attraction {unknown}
 i - a potion of might {unknown}
 n - 2 potions of mutation {unknown}
 p - a potion of enlightenment {unknown}
 s - a potion of berserk rage {unknown}
 v - a potion of haste {unknown}


   Skills:
 + Level 5.3 Fighting
 + Level 5.3 Short Blades
 + Level 2.7 Long Blades
 + Level 2.7 Axes
 + Level 2.7 Maces & Flails
 + Level 2.7 Polearms
 + Level 10.8 Staves
 + Level 2.7 Ranged Weapons
 + Level 2.7 Throwing
 + Level 3.8 Armour
 + Level 2.7 Dodging
 + Level 2.7 Stealth
 + Level 2.7 Shields
 + Level 2.7 Unarmed Combat
 + Level 2.7 Spellcasting
 + Level 2.2 Conjurations
 + Level 2.2 Hexes
 + Level 2.2(2.5) Summonings
 + Level 2.2(2.5) Necromancy
 + Level 2.2 Translocations
 + Level 2.2 Fire Magic
 + Level 2.2 Ice Magic
 + Level 2.2 Air Magic
 + Level 2.2 Earth Magic
 + Level 2.2 Alchemy
 + Level 3.0 Invocations
 + Level 2.7(3.0) Evocations
 + Level 2.4(2.8) Shapeshifting


You had 11 spell levels left.
You didn't know any spells.
Your spell library contained the following spells:

 Spells                   Type           Power      Damage    Failure   Level
 Sandblast                Erth           10%        2d5       100%        1
 Sting                    Conj/Alch      20%        1d4       100%        1
 Summon Small Mammal      Summ           20%        N/A       100%        1
 Call Imp                 Summ           10%        N/A       100%        2
 Mercury Vapours          Alch/Air       10%        N/A       100%        2
 Static Discharge         Conj/Air       10%        3-4/arc   100%        2
 Sublimation of Blood     Necr           5%         N/A       100%        2
 Call Canine Familiar     Summ           5%         N/A       100%        3
 Passwall                 Erth           5%         N/A       100%        3
 Stone Arrow              Conj/Erth      10%        3d7       100%        3
 Airstrike                Air            2%         2d(1-17)  100%        4
 Brom's Barrelling Bould  Conj/Erth      5%         2d3       100%        4
 Olgreb's Toxic Radiance  Alch           5%         N/A       100%        4
 Summon Blazeheart Golem  Fire/Summ      5%         N/A       100%        4
 Summon Lightning Spire   Summ/Air       5%         N/A       100%        4
 Summon Hydra             Summ           2%         N/A       100%        7


Dungeon Overview and Level Annotations

Branches:
Dungeon (5/15)
 Temple: D:4-7

Altars:
Ashenzari
Cheibriados
Gozag
Okawaru
Yredelemnul

Shops:
D:4 :


Innate Abilities, Weirdness & Mutations

You have very sharp teeth.
Your uncanny sense of smell can sniff out nearby items.
Your experience applies equally to all skills.


Message History

The liquid fire burns you!
The ice beast hits you but does no damage.
The iguana bites you but does no damage.
You closely miss the ice beast. The liquid fire burns you!
The dart slug launches a dart at you.
The slug dart hits you but does no damage.
The ice beast barely misses you. The iguana barely misses you.
You thump the ice beast!
The ice beast is moderately wounded.
The liquid fire burns you!
You sock the ice beast!
The ice beast is severely wounded.
The liquid fire burns you! The iguana barely misses you.
The ice beast barely misses you. The dart slug barely misses you.
You sock the ice beast!
You kill the ice beast!
The liquid fire burns you!
* * * LOW HITPOINT WARNING * * *
The iguana bites you but does no damage.
The dart slug bites you but does no damage.
Your Invocations skill increases to level 3!
You sock the iguana!
The iguana is heavily wounded.
The liquid fire burns you!
* * * LOW HITPOINT WARNING * * *
The iguana bites you.
* * * LOW HITPOINT WARNING * * *
You barely miss the iguana. Your bite misses the iguana.
The iguana is heavily wounded.
The liquid fire burns you!
* * * LOW HITPOINT WARNING * * *
The dart slug bites you but does no damage.
The iguana bites you.
* * * LOW HITPOINT WARNING * * *
You barely miss the iguana.
The iguana is heavily wounded.
The liquid fire burns you!
You die...

#......#
#.....##
#.....##
#......#
#......#
#.....##
#.$...##
#......#
#:@....#
#wl†..##
#.....#
#.....(.
#.........
#.........
#..^......
#.....##+#


You could see an iguana and a dart slug.

Vanquished Creatures
  A black bear (D:5)
  An ice beast (D:5)
  An ogre (D:4)
  A phantom (D:4)
  A bombardier beetle (D:5)
  Natasha (twice) (D:2)
  3 iguanas
  An orc wizard (D:3)
  3 adders
  3 dart slugs
  A ribbon worm (D:2)
  9 orcs
  9 ball pythons
  6 bats
  8 endoplasms
  6 giant cockroaches
  9 goblins
  8 hobgoblins
  7 jackals (D:1)
  2 quokkas (D:1)
  4 frilled lizards
  11 kobolds
  6 rats
103 creatures vanquished.

Notes
Turn   | Place    | Note
-------+----------+-------------------------------------------
     0 | D:1      | Reached skill level 10 in Staves
     0 | D:1      | Sabo the Gnoll Wanderer began the quest for the Orb.
     0 | D:1      | Sabo set off with the following items: a +3 quarterstaff, a
                  | +0 short sword, a potion of heal wounds, a +0 robe.
     0 | D:1      | Reached XP level 1. HP: 20/20 MP: 1/1
   181 | D:1      | Reached XP level 2. HP: 26/26 MP: 2/2
   444 | D:1      | Reached XP level 3. HP: 30/31 MP: 3/3
   543 | D:1      | Reached skill level 1 in Invocations
   633 | D:1      | Found a faded altar of an unknown god.
   882 | D:2      | Reached skill level 1 in Long Blades
   882 | D:2      | Reached skill level 1 in Axes
   882 | D:2      | Reached skill level 1 in Maces & Flails
   882 | D:2      | Reached skill level 1 in Polearms
   882 | D:2      | Reached skill level 1 in Ranged Weapons
   882 | D:2      | Reached skill level 1 in Throwing
   882 | D:2      | Reached skill level 1 in Dodging
   882 | D:2      | Reached skill level 1 in Stealth
   882 | D:2      | Reached skill level 1 in Shields
   882 | D:2      | Reached skill level 1 in Unarmed Combat
   882 | D:2      | Reached skill level 1 in Spellcasting
   882 | D:2      | Reached skill level 1 in Evocations
  1007 | D:2      | Reached skill level 1 in Shapeshifting
  1007 | D:2      | Reached XP level 4. HP: 38/38 MP: 5/5
  1188 | D:2      | Noticed Natasha
  1193 | D:2      | Killed Natasha
  1194 | D:2      | Reached skill level 1 in Conjurations
  1194 | D:2      | Reached skill level 1 in Hexes
  1194 | D:2      | Reached skill level 1 in Summonings
  1194 | D:2      | Reached skill level 1 in Necromancy
  1194 | D:2      | Reached skill level 1 in Translocations
  1194 | D:2      | Reached skill level 1 in Fire Magic
  1194 | D:2      | Reached skill level 1 in Ice Magic
  1194 | D:2      | Reached skill level 1 in Air Magic
  1194 | D:2      | Reached skill level 1 in Earth Magic
  1194 | D:2      | Reached skill level 1 in Alchemy
  1285 | D:2      | Found a basalt altar of Yredelemnul.
  1620 | D:2      | Noticed Natasha
  1627 | D:2      | Killed Natasha
  1628 | D:2      | Reached XP level 5. HP: 27/43 MP: 5/7
  1809 | D:3      | Identified the +1 plate armour "Gisoc" {+Inv Str+2}
  1945 | D:3      | Found a broken altar of Ashenzari.
  1974 | D:3      | Became a worshipper of Ashenzari the Shackled
  1991 | D:3      | Found an opulent altar of Gozag.
  2647 | D:4      | Reached XP level 6. HP: 14/50 MP: 8/8
  2852 | D:4      | Found Gauwk's Self-Published Books.
  2889 | D:4      | Reached skill level 5 in Fighting
  2889 | D:4      | Reached skill level 5 in Short Blades
  2994 | D:4      | Found a snail-covered altar of Cheibriados.
  3282 | D:4      | Found an iron altar of Okawaru.
  3571 | D:5      | Entered Level 5 of the Dungeon
  3587 | D:5      | Noticed a black bear
  3588 | D:5      | Noticed an ice beast
  3592 | D:5      | Reached XP level 7. HP: 45/56 MP: 10/10
  3613 | D:5      | Incinerated by a bombardier beetle

Illustrated notes

Levels and vault maps discovered:
D:1:      dpeg_arrival_erosion, layout_basic, ebering_ecumenical_altar_hall,
          chequers_jeans
D:2:      layout_loops_ring, basic_altar, uniq_natasha
D:3:      layout_basic, cheibrodos_ashenzari_chains,
          nicolae_gozag_cash_rules_everything_around_me, minmay_distorted
D:4:      layout_cave_pools, kennysheep_slug_shrine,
          mainiacjoe_overflow_small_starburst, st_stairs_9, nicolae_custom_books
D:5:      layout_gridville, nicolae_wu_jian_immortal_techniques,
          nicolae_vehumet_altar_sigil, minmay_temple_entry_statues_fountains,
          serial_shops, shop, eino_small_chamber_without_monster,
          saegor_snake_ambush

Skill      XL: |  1  2  3  4  5  6  7 |
---------------+----------------------+-----
Staves         | | 10.8
Invocations    | 1 2 3 |  3.0
Long Blades    | 1 2 |  2.7
Axes           | 1 2 |  2.7
Maces & Flails | 1 2 |  2.7
Polearms       | 1 2 |  2.7
Ranged Weapons | 1 2 |  2.7
Throwing       | 1 2 |  2.7
Dodging        | 1 2 |  2.7
Stealth        | 1 2 |  2.7
Shields        | 1 2 |  2.7
Unarmed Combat | 1 2 |  2.7
Spellcasting   | 1 2 |  2.7
Evocations     | 1 2 |  2.7
Shapeshifting  | 1 2 |  2.4
Conjurations   | 1 2 |  2.2
Hexes          | 1 2 |  2.2
Summonings     | 1 2 |  2.2
Necromancy     | 1 2 |  2.2
Translocations | 1 2 |  2.2
Fire Magic     | 1 2 |  2.2
Ice Magic      | 1 2 |  2.2
Air Magic      | 1 2 |  2.2
Earth Magic    | 1 2 |  2.2
Alchemy        | 1 2 |  2.2
Armour         | 3 |  3.8
Fighting       | 5 |  5.3
Short Blades   | 5 |  5.3

Action                     |  1- 3 |  4- 6 |  7- 9 || total
---------------------------+-------+-------+-------++-------
  Melee: Quarterstaff      |    75 |   152 |    20 ||   247
         Bite              |     2 |    17 |     1 ||    20
 Invoke: Curse Item        |       |     1 |       ||     1
    Use: Scroll            |       |     4 |       ||     4
         Potion            |       |       |     1 ||     1
   Stab: Sleeping          |     1 |     4 |       ||     5
 Armour: Robe              |    26 |     7 |       ||    33
         Ring mail         |       |     9 |       ||     9
         Plate armour      |       |   122 |    35 ||   157
  Dodge: Dodged            |    38 |    37 |    12 ||    87

Table legend: (Time is in decaauts)
 A = Elapsed time spent in this place.
 B = Non-inter-level travel time spent in this place.
 C = Inter-level travel time spent in this place.
 D = Time resting spent in this place.
 E = Time spent auto-exploring this place.
 F = Levels seen in this place.
 G = Mean time per level.
                   A        B        C        D        E       F      G
               +--------+--------+--------+--------+--------+-----+--------+
         Total |   3593 |   3593 |      0 |    560 |      0 |   5 |  718.6 |
       Dungeon |   3593 |   3593 |      0 |    560 |      0 |   5 |  718.6 |
               +--------+--------+--------+--------+--------+-----+--------+

Top non-repeatable levels by time:
     D:4: 963 daAuts
     D:3: 871 daAuts
     D:2: 871 daAuts
     D:1: 849 daAuts
     D:5: 36 daAuts
